 Dungeon Crawl Stone Soup version 0.32-a0-913-g739538afd8 (webtiles) character file.

Game seed: 15020502231184429956

4 dthurber the Chopper (level 1, -1/17 HPs)
             Began as a Vampire Chaos Knight on Apr 10, 2024.
             Was a Plaything of Xom.
             Slain by a goblin
             ... wielding a +0 dagger
             ... led by Robin
              (3 damage)
             ... on level 1 of the Dungeon.
             The game lasted 00:00:39 (118 turns).

dthurber the Chopper (Vampire Chaos Knight)          Turns: 118, Time: 00:00:40

Health: -1/17      AC:  5    Str: 11    XL:     1   Next: 58%
Magic:  1/1        EV: 11    Int: 14    God:    Xom [..*...]
Gold:   13         SH:  0    Dex: 13    Spells: 0/0 levels left

rFire   . . .        a - +0 hand axe (chaos)
rCold   . . .        (no shield)
rNeg    . . .        b - +2 leather armour
rPois   .            (no helmet)
rElec   .            (no cloak)
rCorr   .            (no gloves)
SInv    +            (no boots)
Will    .....        (no amulet)
Stlth   +            (no ring)
HPRegen 0.42/turn    (no ring)
MPRegen 0.07/turn

%: no passive effects
@: healing quickly
A: alive, fangs 3, see invisible, vampiric 1
a: Exsanguinate, Renounce Religion


You were on level 1 of the Dungeon.
You worshipped Xom.
You were a toy of Xom.
You visited 1 branch of the dungeon, and saw 2 of its levels.

You collected 13 gold pieces.

Inventory:

Hand Weapons
 a - a +0 hand axe of chaos (weapon)
Armour
 b - a +2 leather armour (worn)
Scrolls
 c - a scroll of butterflies
 d - a scroll of teleportation {unknown}
 e - a scroll of identify {unknown}


   Skills:
 + Level 2.7 Fighting
 + Level 2.7 Axes
 + Level 0.9 Armour
 + Level 2.3 Dodging


You couldn't memorise any spells.
You didn't know any spells.
Your spell library was empty.

Dungeon Overview and Level Annotations

Branches:
Dungeon (2/15)

Altars:

Annotations:
D:2 Robin


Innate Abilities, Weirdness & Mutations

Your natural rate of healing is accelerated.
You have razor-sharp teeth.
You have supernaturally acute eyesight. (SInv)
You are afflicted with vampirism.


Message History

A goblin comes into view. It is wielding a +1 dagger of speed.
The rat bites you but does no damage. The hobgoblin hits you.
Robin roars a battlecry!
The goblins go into a battle-frenzy!
The goblin shouts!
The goblin shouts!
You hear a shout!
The rat bites you.
The hobgoblin attacks as it pursues you!
The hobgoblin barely misses you.
You open the door.
A quokka comes into view.
The rat bites you but does no damage.
A hobgoblin comes into view.
A goblin comes into view. It is wielding a +0 club.
The hobgoblin hits you but does no damage.
Found a stone staircase leading up.
There is an open door here.
The goblin hits you with a +0 dagger.
Found 5 gold pieces.
The goblin no longer looks unusually strong.
The quokka completely misses you. The goblin attacks as it pursues you!
The goblin closely misses you. The hobgoblin barely misses you.
Robin roars a battlecry!
You hear a shout!
Found a stone staircase leading down.
The goblin hits you with a +0 dagger. The goblin completely misses you.
The hobgoblin hits you. The quokka bites you.
* * * LOW HITPOINT WARNING * * *
The hobgoblin no longer looks unusually strong.
The quokka barely misses you. The goblin closely misses you.
A hobgoblin comes into view.
There is a stone staircase leading up here.
The goblin misses you. The quokka closely misses you. The goblin misses you.
You climb upwards.
There is a stone staircase leading down here.
The goblin hits you but does no damage. The quokka misses you.
The goblin hits you with a +0 dagger.
* * * LOW HITPOINT WARNING * * *
The goblin barely misses you. The goblin hits you with a +0 dagger.
You die...

##.###.#######.#..........#
##..+.. ...#####....####
#...#.#######.#.###.........#
#.###.#.....# #..............
#...#+#.....###..##..........
#.#.'.#..><.#.'..##.#....###.
#.#####.....###..##......#
#.# #.....#.#gr####[...#
#...# #+###'#.#@g####..###
.#.#.. +....'g.......#
##.###.# ####.#..#####.# #..
+ #.#..# .# ### #+##... ..##
... ..## ##


You could see a quokka and 3 goblins.

Vanquished Creatures
  A ball python (D:2)
  An endoplasm (D:1)
  A giant cockroach (D:1)
  A bat (D:1)
4 creatures vanquished.

Notes
Turn   | Place    | Note
-------+----------+-------------------------------------------
     0 | D:1      | dthurber the Vampire Chaos Knight began the quest for the
                  | Orb.
     0 | D:1      | Reached XP level 1. HP: 17/17 MP: 1/1
    89 | D:1      | You fall into a shaft and drop 1 floor!
    94 | D:2      | Noticed Robin
   118 | D:1      | Slain by a goblin

Illustrated notes

Levels and vault maps discovered:
D:1:      shiori_arrival_maze, layout_loops_ring, nicolae_titane
D:2:      layout_basic, basic_ecumenical_altar, uniq_robin,
          uniq_crazy_yiuf_cottage

Action                     || total
---------------------------++-------
  Melee: Hand axe          ||     7
 Armour: Leather armour    ||    16
  Dodge: Dodged            ||    19

Table legend: (Time is in decaauts)
 A = Elapsed time spent in this place.
 B = Non-inter-level travel time spent in this place.
 C = Inter-level travel time spent in this place.
 D = Time resting spent in this place.
 E = Time spent auto-exploring this place.
 F = Levels seen in this place.
 G = Mean time per level.
                   A        B        C        D        E       F      G
               +--------+--------+--------+--------+--------+-----+--------+
         Total |    119 |    119 |      0 |      0 |     80 |   2 |   59.5 |
       Dungeon |    119 |    119 |      0 |      0 |     80 |   2 |   59.5 |
               +--------+--------+--------+--------+--------+-----+--------+

Top non-repeatable levels by time:
     D:1: 92 daAuts
     D:2: 26 daAuts
